 Dungeon Crawl Stone Soup version 0.19-a0-1051-gdb7e7f8 (webtiles) character file.

34756 mistymad the Grappler (level 13, -21/133 HPs)
             Began as a Troll Monk on Aug 1, 2016.
             Killed by an exploding fulminant prism (34 damage)
             ... created by Gagarin's ghost
             ... on level 4 of the Lair of Beasts.
             The game lasted 00:52:24 (16858 turns).

mistymad the Grappler (Troll Monk)                 Turns: 16858, Time: 00:52:26

Health: -21/133    AC: 18    Str: 24    XL:     13   Next: 43%
Magic:  17/17      EV: 11    Int: 10    God:
Gold:   248        SH: 11    Dex: 11    Spells: 1 memorised, 16 levels left

rFire  + . .     SeeInvis .       - Unarmed
rCold  . . .     Gourm    +     K - +0 pearl dragon armour
rNeg   + . .     Faith    .     d - +0 shield
rPois  +         Spirit   .     v - +2 hat
rElec  .         Dismiss  .     w - +0 cloak
rCorr  .         Reflect  .     (gloves unavailable)
SustAt .         Harm     .     (boots unavailable)
MR     .....                    H - amulet of regeneration
Stlth  ..........               Q - ring of protection from fire
                                W - +2 ring of strength

@: not resistant to hostile enchantments, extremely unstealthy
A: unfitting armour, claws 3, horns 1, talons 1, rough black scales 1, fast
metabolism 3, gourmand, mutation resistance 1, poison resistance, regeneration
2, shaggy fur 1, tough skin 2, wild magic 1
a: no special abilities


You were on level 4 of the Lair of Beasts.
You were very full.

You visited 3 branches of the dungeon, and saw 19 of its levels.
You also visited: Ossuary.

You collected 873 gold pieces.
You spent 625 gold pieces at shops.

Inventory:

Missiles
 c - 2 throwing nets
 E - 3 large rocks
 I - 3 javelins (quivered)
Armour
 d - a +0 shield (worn)
 o - a +2 robe of resistance
 v - a +2 hat (worn)
 w - a +0 cloak (worn)
 K - a +0 pearl dragon armour (worn)
 N - a +0 robe of magic resistance
 R - a +0 hat of intelligence
Jewellery
 y - an uncursed ring of flight
 C - an uncursed ring of ice
 H - an amulet of regeneration (around neck)
 J - an uncursed ring of see invisible
 Q - a ring of protection from fire (right claw)
 W - a +2 ring of strength (left claw)
Wands
 r - a wand of flame (32/48)
 D - a wand of paralysis (14/24)
 L - a wand of teleportation (1/9)
 M - a wand of lightning (5/15)
 V - a wand of paralysis (9/24)
Scrolls
 q - 5 scrolls of magic mapping
 s - 2 scrolls of amnesia
 t - 4 scrolls of remove curse
 u - a scroll of immolation
 A - a scroll of summoning
 B - 3 scrolls of recharging
 O - 2 scrolls of fog
 P - a scroll of fear
 S - 2 scrolls of teleportation
 T - 3 scrolls of enchant weapon
 X - a scroll of enchant armour
Potions
 a - 3 potions of haste
 e - 4 potions of brilliance
 g - 2 potions of resistance
 h - 8 potions of flight
 i - 2 potions of might
 l - 5 potions of lignification
 m - 8 potions of curing
 n - 2 potions of cure mutation
 p - a potion of ambrosia
 x - 3 potions of agility
 z - a potion of invisibility
Comestibles
 b - 10 bread rations
 f - 27 fruits
 j - 7 meat rations
 k - 3 royal jellies
 F - 2 beef jerkies
 G - 8 slices of pizza


   Skills:
 + Level 10.0 Fighting
 + Level 9.9 Dodging
 - Level 1.1 Stealth
 + Level 9.6 Shields
 + Level 11.7 Unarmed Combat
 + Level 3.6 Spellcasting


You had 16 spell levels left.
You knew the following spells:

 Your Spells              Type           Power        Failure   Level  Hunger
a - Ozocubu's Armour      Chrm/Ice       #.......     100%        3    ###....


Dungeon Overview and Level Annotations

Branches:
Dungeon (13/15)            Temple (1/1) D:6            Lair (5/6) D:8
  Swamp (0/4) Lair:3       Spider (0/4) Lair:3          Orc (0/2) D:11
  Slime: Lair:5-6    Vaults: D:13-14

Altars:
Ashenzari
Cheibriados
Dithmenos
Elyvilon
Fedhas
Gozag
Hepliaklqana
Kikubaaqudgha
Makhleb
Nemelex Xobeh
Okawaru
Pakellas
Qazlal
Ru
Sif Muna
Trog
Uskayaw
Vehumet
Xom
Yredelemnul
Zin
The Shining One

Shops:
D:4 [   D:5 }   D:10 !   D:12 *

Annotations:
Lair:4 Gagarin's ghost, journeyman DrCj


Innate Abilities, Weirdness & Mutations

You are too large for most types of armour.
You have claws for hands.
Your metabolism is lightning-fast.
You like to eat raw meat.
You heal very quickly.
You are covered in fur. (AC +1)
You have very tough skin. (AC +2)
You have a pair of small horns on your head.
You have sharp toenails.
You are partially covered in rough black scales. (AC +2, Dex -1)
You are somewhat resistant to further mutation.
Your system is resistant to poisons. (rPois)
Your spells are a little harder to cast, but a little more powerful.


Message History

The orb of energy explodes!
The battlesphere fires!
The barrage of energy hits you!
You hear a croak.
You take 18 damage, and have 10/133 hp.
You feel better.
Gagarin's ghost gestures next to you while chanting.
Gagarin's ghost conjures a prism of explosive energy!
A spiny frog and a fulminant prism come into view.
You regained 9 hp, and now have 19/133 hp.
The fulminant prism crackles loudly.
Gagarin's ghost hits you!
* * * LOW HITPOINT WARNING * * *
You take 6 damage, and have 13/133 hp.
Gagarin's ghost hits you.
* * * LOW HITPOINT WARNING * * *
The fulminant prism explodes!
The blast of energy engulfs the plant.
The plant is destroyed!
The blast of energy engulfs you!
You die...

#.#............## #
#............###
#.####..........P.##
.. #.#...........#
#.# ####........###
#..### ###......#
#.#P### #.....##
##.....###.*.###
#.....?.@....##
#.....##W.....##
#..######......#
.... #.......# ....
..>.....# ...
#.........# ..
..........# .
.......F..?#
#..........


You could see a spiny frog, a battlesphere and Gagarin's ghost.

Vanquished Creatures
  Gastronok (Lair:1)
  Fannar (Lair:3)
  A death knight (D:12)
  A skeletal warrior (D:12)
  2 wizards (D:11)
  The ghost of Jano the Cudgeler, a novice OgHu (D:5)
  8 hill giants
  3 deep elf magi
  A cyclops (D:13)
  4 gargoyles
  2 black mambas
  7 spiny frogs
  2 komodo dragons (Lair:3)
  3 rime drakes
  A freezing wraith (D:12)
  2 trolls
  Grinder (D:6)
  A jumping spider (Lair:3)
  A two-headed ogre (D:12)
  10 blink frogs
  Sigmund (D:4)
  A wraith (D:12)
  2 wyverns
  10 hippogriffs
  A fire elemental (D:11)
  24 yaks
  A human (D:7)
  A hungry ghost (D:8)
  A basilisk (Lair:3)
  A vampire mosquito (D:10)
  A soldier ant (D:10)
  10 porcupines
  5 water moccasins
  7 orc warriors
  3 ice beasts
  2 sky beasts
  A wasp (D:10)
  A black bear (D:8)
  3 necrophages
  5 ogres
  An eye of draining (D:10)
  7 crocodiles
  13 centaurs
  12 giant frogs
  2 water moccasin zombies (Ossuary)
  10 scorpions
  A wyvern skeleton (D:8)
  4 killer bees (D:9)
  11 electric eels
  4 jellies
  7 crimson imps
  3 giant frog zombies
  2 wasp zombies (D:6)
  A quasit (D:11)
  2 giant frog skeletons (D:4)
  11 orc priests
  A centaur skeleton (D:4)
  Crazy Yiuf (D:5)
  6 hounds
  11 orc wizards
  7 worker ants
  Natasha (thrice) (D:4)
  6 iguanas
  13 sheep
  A big kobold zombie (Ossuary)
  2 hound skeletons (D:6)
  2 mummies (Ossuary)
  A worker ant zombie (D:10)
  10 adders
  9 gnolls
  37 river rats (Lair:3)
  3 shadow imps
  An ooze (D:3)
  3 adder skeletons
  6 adder zombies
  A worm (D:3)
  5 giant geckos
  42 orcs
  2 ball pythons
  6 giant cockroaches
  2 gnoll zombies (Ossuary)
  8 goblins
  12 hobgoblins
  11 jackals
  8 quokkas
  5 bats
  8 giant newts
  5 hobgoblin zombies (Ossuary)
  2 kobolds
  A kobold zombie (Ossuary)
  6 orc zombies (Ossuary)
  A quokka skeleton (D:4)
  5 rats
  A fungus (D:8)
479 creatures vanquished.

Vanquished Creatures (others)
  A fulminant prism (Lair:4)
  3 plants
4 creatures vanquished.

Grand Total: 483 creatures vanquished

Notes
Turn   | Place    | Note
-------+----------+-------------------------------------------
     0 | D:1      | mistymad the Troll Monk began the quest for the Orb.
     0 | D:1      | Reached XP level 1. HP: 22/22 MP: 0/0
    75 | D:1      | Reached XP level 2. HP: 29/29 MP: 1/1
   658 | D:2      | Found a radiant altar of Vehumet.
   684 | D:2      | Found a glowing silver altar of Zin.
   705 | D:2      | Reached XP level 3. HP: 36/36 MP: 2/2
   965 | D:2      | Reached skill level 1 in Shields
  1358 | D:3      | Found a shadowy altar of Dithmenos.
  1364 | D:3      | Reached XP level 4. HP: 45/45 MP: 3/3
  2149 | D:4      | Reached XP level 5. HP: 49/53 MP: 4/4
  2216 | D:4      | Found a sand-covered staircase.
  2222 | Ossuary  | Entered an ossuary
  2245 | Ossuary  | Reached skill level 4 in Unarmed Combat
  2331 | Ossuary  | Reached XP level 6. HP: 45/62 MP: 5/5
  2659 | D:4      | Noticed Grinder
  2695 | D:4      | Noticed Natasha
  2705 | D:4      | Killed Natasha
  2719 | D:4      | Found an oddly glowing altar of Pakellas.
  2829 | D:4      | Noticed Sigmund
  3007 | D:4      | Found Poze's Antique Armour Emporium.
  3015 | D:4      | Bought a runed robe for 19 gold pieces
  3181 | D:4      | Noticed Natasha
  3186 | D:4      | Killed Natasha
  3200 | D:4      | Reached XP level 7. HP: 57/70 MP: 6/6
  3307 | D:4      | Found a hide-covered altar of Uskayaw.
  3308 | D:4      | Found a shattered altar of Ashenzari.
  3400 | D:5      | Entered Level 5 of the Dungeon
  4084 | D:5      | Reached skill level 5 in Unarmed Combat
  4127 | D:5      | Found Zuiddur's Gadget Emporium.
  4247 | D:5      | Found a runed door.
  4345 | D:5      | Noticed Crazy Yiuf
  4351 | D:5      | Killed Crazy Yiuf
  4546 | D:5      | Noticed Jano's ghost (novice OgHu)
  4633 | D:6      | Found a staircase to the Ecumenical Temple.
  4662 | D:6      | Found an opulent altar of Gozag.
  4822 | D:6      | Reached XP level 8. HP: 63/79 MP: 7/7
  4945 | D:6      | Killed Grinder
  4945 | D:6      | Reached skill level 5 in Fighting
  5076 | D:6      | Reached skill level 5 in Dodging
  5076 | D:6      | Reached skill level 6 in Unarmed Combat
  5088 | D:6      | Gained mutation: You have a pair of small horns on your head. [mutagenic meat]
  5091 | D:6      | Gained mutation: Your spells are a little harder to cast, but a little more powerful. [mutagenic meat]
  5094 | D:6      | Gained mutation: You have sharp toenails. [mutagenic meat]
  5235 | D:6      | Found a glowing golden altar of the Shining One.
  5434 | D:7      | Found a burning altar of Makhleb.
  5434 | D:7      | Noticed a blizzard demon
  5649 | D:7      | Reached XP level 9. HP: 71/88 MP: 8/8
  5760 | D:7      | Reached skill level 5 in Shields
  5954 | D:7      | Reached skill level 7 in Unarmed Combat
  6313 | D:8      | Found a staircase to the Lair.
  6384 | D:8      | HP: 2/89 [orc warrior/mace of crushing (6)]
  6936 | D:8      | Found a bloodstained altar of Trog.
  6939 | D:8      | Found a white marble altar of Elyvilon.
  6942 | D:8      | Found a stormy altar of Qazlal.
  7072 | D:8      | Found a sacrificial altar of Ru.
  7302 | D:8      | Reached XP level 10. HP: 99/100 MP: 9/9
  7464 | Temple   | Entered the Ecumenical Temple
  7994 | D:9      | Reached skill level 8 in Unarmed Combat
  8162 | D:9      | Gained mutation: You are partially covered in rough black scales. (AC +2, Dex -1) [potion of mutation]
  8162 | D:9      | Gained mutation: Your system is resistant to poisons. (rPois) [potion of mutation]
  8162 | D:9      | Gained mutation: You are somewhat resistant to further mutation. [potion of mutation]
  8217 | D:10     | Entered Level 10 of the Dungeon
  8285 | D:10     | Noticed a hill giant
  8570 | D:10     | You fall through a shaft!
  8676 | D:10     | Noticed a hill giant
  8728 | D:10     | Killed a hill giant
  8965 | D:10     | Reached skill level 9 in Unarmed Combat
  9026 | D:10     | Found Nitsiw's Distillery.
  9164 | D:10     | Noticed a hill giant
  9177 | D:10     | Killed a hill giant
  9177 | D:10     | Reached XP level 11. HP: 78/110 MP: 10/10
  9966 | D:11     | Noticed a hill giant
  9983 | D:11     | Killed a hill giant
 10250 | D:11     | Noticed a hill giant
 10262 | D:11     | Killed a hill giant
 10383 | D:11     | Found a staircase to the Orcish Mines.
 10420 | D:11     | Noticed a hill giant
 10435 | D:11     | Killed a hill giant
 10565 | D:11     | Noticed a hill giant
 10573 | D:11     | Killed a hill giant
 10759 | D:11     | Noticed a deep elf mage
 10764 | D:11     | Noticed a deep elf mage
 10767 | D:11     | Killed a deep elf mage
 10778 | D:11     | Noticed a hill giant
 10795 | D:10     | Killed a hill giant
 10955 | D:10     | Reached skill level 10 in Unarmed Combat
 11035 | D:11     | Killed a deep elf mage
 11127 | D:11     | Noticed a wizard
 11127 | D:11     | Noticed a wizard
 11132 | D:11     | Paralysed by a wizard for 5 turns
 11140 | D:11     | Killed a wizard
 11150 | D:11     | Killed a wizard
 11158 | D:11     | Identified the Papyrus of Lucky Heat
 11160 | D:11     | Identified Sif Muna's Volume of Weightlessness and Benedictions
 11166 | D:11     | Learned a level 3 spell: Ozocubu's Armour
 11515 | D:11     | Noticed a purple ugly thing
 11833 | D:12     | Found a glowing silver altar of Zin.
 11867 | D:12     | Noticed a death knight
 11867 | D:12     | Noticed a skeletal warrior
 11896 | D:12     | Killed a death knight
 11896 | D:12     | Reached XP level 12. HP: 121/122 MP: 10/12
 11901 | D:12     | Reached skill level 1 in Spellcasting
 12376 | D:12     | Found Ofrejef's Assorted Antiques.
 12466 | D:12     | Bought a thick beryl amulet for 145 gold pieces
 12466 | D:12     | Bought a lumpy orange potion for 26 gold pieces
 12477 | D:12     | Bought a metal-bound book for 435 gold pieces
 13541 | D:5      | Killed Jano's ghost
 13599 | D:4      | Noticed Natasha
 13604 | D:4      | Killed Natasha
 13613 | D:4      | Killed Sigmund
 14038 | Lair:1   | Entered Level 1 of the Lair of Beasts
 14042 | Lair:1   | Reached skill level 11 in Unarmed Combat
 14441 | Lair:1   | Noticed Gastronok
 14457 | Lair:1   | Killed Gastronok
 15044 | Lair:2   | Found an iron altar of Okawaru.
 15091 | Lair:2   | Reached XP level 13. HP: 131/131 MP: 16/16
 15624 | Lair:3   | Noticed Fannar
 15634 | Lair:3   | Killed Fannar
 15812 | Lair:3   | Found a staircase to the Swamp.
 15824 | Lair:3   | Found a hole to the Spider Nest.
 15917 | Lair:3   | You fall through a shaft for 2 floors!
 16547 | Lair:3   | Reached skill level 10 in Fighting
 16820 | Lair:4   | Noticed Gagarin's ghost (journeyman DrCj)
 16858 | Lair:4   | Killed by an exploding fulminant prism

Vault maps used:
D:1:      minmay_arrival_five_plusses, nrook_mini_vaults
D:2:      lemuel_doored_altar, nicolae_overflow_crystal_walls, first_bread
D:3:      nicolae_dithmenos_through_a_glass_darkly
D:4:      nicolae_overflow_hidden_temple, nicolae_ossuary_entry_plus,
          serial_shops, shop, uniq_grinder, uniq_sigmund, uniq_natasha
D:5:      serial_shops, kennysheep_mini_moat, hex_large, uniq_crazy_yiuf_cottage
D:6:      grunt_gozag_statues, lemuel_crystal_altar
D:7:      grunt_livestock, minmay_misc_feat_five, grunt_decor_arrowhead,
          st_stairs_3, makhleb_altar_promises_db
D:8:      grunt_temple_overflow_diamond, nicolae_ru_the_path_less_chosen,
          dpeg_oklobed_lair, dk_noncrumbling_4
D:10:     serial_shops, shop_fountains
D:11:     cheibrodos_lost_city_excavation
D:12:     serial_shops, shop_statue, basic_altar
D:13:     david_vaults_2
Temple:   eino_wide_crystal_templ
Lair:1:   st_stairs_7, serial_bayou_shore_b, uniq_gastronok
Lair:2:   basic_altar, lemuel_fruit_tree, serial_bayou_shore_a,
          grunt_megastairs_5
Lair:3:   swamp_mist, spider_nest_entry_a, serial_bayou_pond_d,
          serial_bayou_crossing, uniq_fannar
Lair:5:   slime_altar_1, lab_entry_generic
Ossuary:  ossuary_tomb_2

Skill      XL: |  1  2  3  4  5  6  7  8  9 10 11 12 13 |
---------------+----------------------------------------+-----
Fighting       | 3 4 5 6 7 8 9 10 | 10.0
Shields        | 1 2 3 4 6 7 8 9 |  9.6
Dodging        | 3 4 5 6 7 8 9 |  9.9
Unarmed Combat | 4 5 6 7 9 10 11 | 11.7
Spellcasting   | 2 3 |  3.6
Stealth        | |  1.1

Action                   |  1- 3 |  4- 6 |  7- 9 | 10-12 | 13-15 || total
-------------------------+-------+-------+-------+-------+-------++-------
Melee: Unarmed           |   115 |   196 |   415 |   781 |   332 ||  1839
       Kick              |       |       |    78 |   222 |    80 ||   380
       Headbutt          |       |       |    56 |   153 |    67 ||   276
  Use: Scroll            |       |    10 |     1 |    20 |     2 ||    33
       Potion            |       |     1 |       |     2 |     2 ||     5
 Stab: Sleeping          |     4 |     6 |     1 |     5 |       ||    16
       Distracted        |       |       |     1 |       |     1 ||     2
  Eat: Chunk             |    18 |    12 |    54 |    72 |    15 ||   171
Armor: Robe              |    34 |    41 |    73 |    70 |       ||   218
       Troll leather arm |       |       |       |    17 |       ||    17
       Pearl dragon armo |       |       |       |    99 |   113 ||   212
Dodge: Dodged            |    36 |    60 |   119 |   262 |   127 ||   604
Block: Shield            |    32 |    69 |   165 |   329 |   183 ||   778
